 Dungeon Crawl Stone Soup version bcrawl-1.39.1 (webtiles) character file.

Game seed: 4782290434817980415

217103 Finalfun the Sneak (level 8, -6/60 HPs)
             Began as a Gnoll Archaeologist on Sept 23, 2023.
             Was a Believer of Sif Muna.
             Mangled by an orc warrior (10 damage)
             ... on level 5 of the Dungeon.
             The game lasted 00:18:44 (5157 turns).

Finalfun the Sneak (Gnoll Archaeologist)            Turns: 5157, Time: 00:18:44

Health: -6/60      AC:  9    Str: 13    XL:     8   Next: 33%
Magic:  12/12      EV: 14    Int: 17    God:    Sif Muna [**....]
Gold:   340        SH:  5    Dex: 13    Spells: 4/13 levels left

rFire    . . .     GDR:     27% a - +0 flail (crush)
rCold    . . .     SeeInvis .   u - +0 buckler
rNeg     + . .     Gourm    .   D - +1 leather armour of Rosoogiu {rPois rN+ Str-3}
rPois    +         Faith    .   r - +2 hat
rElec    +         Spirit   .   (no cloak)
rCorr    .         Reflect  .   G - +0 pair of gloves
MR       .....                  k - +1 pair of boots
Stlth    +++.......             F - amulet of magic regeneration
HPRegen  0.20/turn              l - ring of wizardry
MPRegen  0.31/turn              m - ring of insulation

@: lightly drained
A: distributed training, fangs 1, strong nose
a: Divine Energy, Renounce Religion


You were on level 5 of the Dungeon.
You worshipped Sif Muna.
Sif Muna was pleased with you.
You were very hungry.

You visited 1 branch of the dungeon, and saw 6 of its levels.

You collected 340 gold pieces.

Inventory:

Hand Weapons
 a - a +0 flail of crushing (weapon)
 b - a +0 blowgun
Missiles
 f - 6 curare-tipped needles
 p - 2 throwing nets {=f}
 q - 176 poisoned needles
 w - 206 poisoned tomahawks (quivered)
 A - 62 needles of frenzy {=f}
Armour
 c - a +0 scale mail
 k - a +1 pair of boots (worn)
 r - a +2 hat (worn)
 u - a +0 buckler (worn)
 D - the +1 leather armour of Rosoogiu (worn) {rPois rN+ Str-3}
   (You found it on level 4 of the Dungeon)

   It affects your strength (-3).
   It protects you from poison.
   It protects you from negative energy.
 G - a +0 pair of gloves (worn)
Jewellery
 l - a ring of wizardry (left hand)
 m - a ring of insulation (right hand)
 y - an uncursed ring of see invisible
 F - an amulet of magic regeneration (around neck)
Wands
 s - a wand of polymorph (17)
 z - a wand of disintegration (11)
Scrolls
 h - a scroll of teleportation
 i - a scroll of identify
 n - a scroll of amnesia
 v - a scroll of enchant armour
 x - a scroll of enchant weapon {unknown}
 E - 2 scrolls of blinking {unknown}
 H - a scroll of remove curse
Potions
 d - a potion of curing
 o - 2 potions of might
 t - a potion of flight
 B - a potion of lignification
 C - 2 potions of magic {unknown}
 I - a potion of heal wounds {unknown}
Comestibles
 e - 5 rations {!d}


   Skills:
 + Level 4.1(3.7) Fighting
 + Level 3.1(2.7) Short Blades
 + Level 3.1(2.7) Long Blades
 + Level 3.1(2.7) Axes
 + Level 4.1(3.7) Maces & Flails
 + Level 3.1(2.7) Polearms
 + Level 3.1(2.7) Staves
 + Level 3.1(2.7) Slings
 + Level 3.1(2.7) Bows
 + Level 3.1(2.7) Crossbows
 + Level 3.1(2.7) Throwing
 + Level 3.1(2.7) Armour
 + Level 7.3(6.8) Dodging
 + Level 7.3(6.8) Stealth
 + Level 3.1(2.7) Shields
 + Level 3.1(2.7) Unarmed Combat
 + Level 3.1(2.7) Spellcasting
 + Level 2.5(2.1) Conjurations
 + Level 2.5(2.1) Hexes
 + Level 2.5(2.1) Charms
 + Level 2.5(2.1) Summonings
 + Level 2.5(2.1) Necromancy
 + Level 2.5(2.1) Translocations
 + Level 2.5(2.1) Transmutations
 + Level 2.5(2.1) Fire Magic
 + Level 2.5(2.1) Ice Magic
 + Level 2.5(2.1) Air Magic
 + Level 2.5(2.1) Earth Magic
 + Level 2.5(2.1) Poison Magic
 + Level 3.4(3.0) Invocations
 + Level 3.1(2.7) Evocations


You had 4 spell levels left.
You knew the following spells:

 Your Spells              Type           Power        Failure   Level  Hunger
a - Regeneration          Chrm/Necr      #.........   24%         3    ####...
b - Infusion              Chrm           #.......     9%          1    None
c - Call Imp              Summ           #.....       12%         2    ##.....
d - Tukima's Dance        Hex            #.......     24%         3    ####...

Your spell library contained the following spells:

 Spells                   Type           Power        Failure   Level  Hunger
 Call Canine Familiar     Summ           #.......     24%         3    ####...
 Ignite Poison            Fire/Tmut/Pois #.......     24%         3    ####...
 Spider Form              Tmut/Pois      #..          24%         3    ####...
 Cause Fear               Hex            #.........   58%         4    #####..
 Irradiate                Conj/Tmut      #.........   89%         5    #######
 Infestation              Hex/Tmut/Pois  #........    100%        6    #######
 Summon Hydra             Summ           #.........   100%        6    #######


Dungeon Overview and Level Annotations

Branches:
Dungeon (6/12)             Temple (0/1) D:5

Altars:
Ashenzari
Okawaru
Sif Muna
Wu Jian


Innate Abilities, Weirdness & Mutations

Your experience applies equally to all skills.
You have very sharp teeth.
Your uncanny sense of smell can sniff out nearby items.


Message History

You closely miss the orc warrior.
The orc warrior is severely wounded.
The orc warrior closely misses you.
You closely miss the orc warrior.
The orc warrior is severely wounded.
The orc warrior misses you.
You hit the orc warrior but do no damage.
Snnnck.
The orc warrior is severely wounded.
The orc warrior hits you!
* * * LOW HITPOINT WARNING * * *
You barely miss the orc warrior.
The orc warrior is severely wounded.
The orc warrior hits you but does no damage.
The orc warrior hits you!
* * * LOW HITPOINT WARNING * * *
You closely miss the orc warrior.
The orc warrior is severely wounded.
The orc warrior hits you!
You die...

..####.....(...#...#..#.......##
....#..........#......_........#
.........###......#...#........##
##..##.....#......##..#........#.
##..##...........##..###.........
.#.####...........#..###..#......
...####..#.....#.....###......##.
..###.#....#...###............##.
...#.......#...#@.......#......#.
.....##........o.................
.....##.........................#
.....#...........................
.....#....#..................##..
...#......#.................##...
..##...................#....###..
.................................
#..........##....................


You could see an orc warrior.

Vanquished Creatures
  Edmund (D:4)
  An ice beast (D:5)
  A phantom (D:3)
  An ogre (D:4)
  Blork the orc (D:4)
  A water moccasin zombie (D:5)
  A scorpion (D:6)
  2 orc priests (D:4)
  A crimson imp (D:6)
  A hound (D:4)
  An iguana (D:4)
  Natasha (thrice) (D:4)
  2 orc wizards
  3 hound skeletons (D:4)
  Robin (D:4)
  3 adders
  2 worms
  3 dart slugs
  2 leopard geckos (D:2)
  13 orcs
  A ball python (D:1)
  3 giant cockroaches
  13 goblins
  17 hobgoblins
  6 jackals (D:1)
  3 quokkas
  4 bats
  7 frilled lizards
  A jackal skeleton (D:6)
  4 kobolds
  A quokka zombie (D:5)
  4 rats
108 creatures vanquished.

Vanquished Creatures (collateral kills)
  An ogre (D:5)
  An adder (D:4)
  A quokka (D:5)
3 creatures vanquished.

Vanquished Creatures (others)
  A dancing weapon (D:6)
1 creature vanquished.

Grand Total: 112 creatures vanquished

Notes
Turn   | Place    | Note
-------+----------+-------------------------------------------
     0 | D:1      | Finalfun the Gnoll Archaeologist began the quest for the
                  | Orb.
     0 | D:1      | Reached XP level 1. HP: 17/17 MP: 1/1
    84 | D:1      | Reached XP level 2. HP: 20/23 MP: 2/2
   472 | D:1      | Reached XP level 3. HP: 28/28 MP: 3/3
  1127 | D:2      | Reached skill level 1 in Invocations
  1262 | D:2      | Reached skill level 1 in Short Blades
  1262 | D:2      | Reached skill level 1 in Long Blades
  1262 | D:2      | Reached skill level 1 in Axes
  1262 | D:2      | Reached skill level 1 in Polearms
  1262 | D:2      | Reached skill level 1 in Staves
  1262 | D:2      | Reached skill level 1 in Slings
  1262 | D:2      | Reached skill level 1 in Bows
  1262 | D:2      | Reached skill level 1 in Crossbows
  1262 | D:2      | Reached skill level 1 in Throwing
  1262 | D:2      | Reached skill level 1 in Armour
  1262 | D:2      | Reached skill level 1 in Shields
  1262 | D:2      | Reached skill level 1 in Unarmed Combat
  1262 | D:2      | Reached skill level 1 in Spellcasting
  1262 | D:2      | Reached skill level 1 in Evocations
  1360 | D:2      | Reached XP level 4. HP: 34/34 MP: 5/5
  1440 | D:2      | Found a shimmering blue altar of Sif Muna.
  1440 | D:2      | Found an ornate altar of the Wu Jian Council.
  1499 | D:2      | Became a worshipper of Sif Muna the Loreminder
  1770 | D:2      | Found an iron altar of Okawaru.
  2159 | D:3      | Reached skill level 1 in Conjurations
  2159 | D:3      | Reached skill level 1 in Hexes
  2159 | D:3      | Reached skill level 1 in Charms
  2159 | D:3      | Reached skill level 1 in Summonings
  2159 | D:3      | Reached skill level 1 in Necromancy
  2159 | D:3      | Reached skill level 1 in Translocations
  2159 | D:3      | Reached skill level 1 in Transmutations
  2159 | D:3      | Reached skill level 1 in Fire Magic
  2159 | D:3      | Reached skill level 1 in Ice Magic
  2159 | D:3      | Reached skill level 1 in Air Magic
  2159 | D:3      | Reached skill level 1 in Earth Magic
  2159 | D:3      | Reached skill level 1 in Poison Magic
  2190 | D:3      | Reached XP level 5. HP: 29/40 MP: 6/6
  2190 | D:3      | Identified a scroll of acquirement
  2219 | D:3      | Identified the ring "Talaceasa" {rCorr Dex+2 Slay+2} (You
                  | acquired it on level 3 of the Dungeon)
  2219 | D:3      | Identified the Incunabulum of Shifting Boosts (You acquired
                  | it on level 3 of the Dungeon)
  2225 | D:3      | Learned a level 3 spell: Regeneration
  2227 | D:3      | Learned a level 1 spell: Infusion
  2469 | D:3      | Noticed a phantom
  2799 | D:3      | Killed a phantom
  2800 | D:3      | Reached * piety under Sif Muna
  2965 | D:4      | Noticed an ogre
  3049 | D:4      | Reached XP level 6. HP: 47/47 MP: 8/8
  3158 | D:4      | Noticed Edmund
  3176 | D:4      | Killed Edmund
  3268 | D:4      | Identified Sif Muna's Papyrus of the Supportive Oath (Sif
                  | Muna gifted it to you on level 4 of the Dungeon)
  3268 | D:4      | Received a gift from Sif Muna
  3272 | D:4      | Learned a level 2 spell: Call Imp
  3276 | D:4      | Learned a level 3 spell: Tukima's Dance
  3560 | D:4      | Noticed Natasha
  3580 | D:4      | Killed Natasha
  3630 | D:4      | Noticed Natasha
  3638 | D:4      | Killed Natasha
  3639 | D:4      | Reached XP level 7. HP: 41/52 MP: 10/10
  3677 | D:4      | Noticed Natasha
  3687 | D:4      | Killed Natasha
  3726 | D:4      | Got a dazzling leather armour
  3977 | D:4      | Noticed Blork the orc
  4000 | D:4      | Killed Blork the orc
  4205 | D:4      | Identified the cursed +1 leather armour of Rosoogiu {rPois
                  | rN+ Str-3} (You found it on level 4 of the Dungeon)
  4271 | D:4      | Noticed Robin
  4467 | D:4      | Killed Robin
  4490 | D:5      | Entered Level 5 of the Dungeon
  4504 | D:5      | Reached ** piety under Sif Muna
  4504 | D:5      | Reached XP level 8. HP: 57/60 MP: 12/12
  4549 | D:5      | Found a staircase to the Ecumenical Temple.
  4655 | D:5      | Found a shattered altar of Ashenzari.
  5157 | D:5      | Mangled by an orc warrior

Skill      XL: |  1  2  3  4  5  6  7  8 |
---------------+-------------------------+-----
Invocations    | 1 2 3 |  3.4
Short Blades   | 1 2 3 |  3.1
Long Blades    | 1 2 3 |  3.1
Axes           | 1 2 3 |  3.1
Polearms       | 1 2 3 |  3.1
Staves         | 1 2 3 |  3.1
Slings         | 1 2 3 |  3.1
Bows           | 1 2 3 |  3.1
Crossbows      | 1 2 3 |  3.1
Throwing       | 1 2 3 |  3.1
Armour         | 1 2 3 |  3.1
Shields        | 1 2 3 |  3.1
Unarmed Combat | 1 2 3 |  3.1
Spellcasting   | 1 2 3 |  3.1
Evocations     | 1 2 3 |  3.1
Conjurations   | 1 2 |  2.5
Hexes          | 1 2 |  2.5
Charms         | 1 2 |  2.5
Summonings     | 1 2 |  2.5
Necromancy     | 1 2 |  2.5
Translocations | 1 2 |  2.5
Transmutations | 1 2 |  2.5
Fire Magic     | 1 2 |  2.5
Ice Magic      | 1 2 |  2.5
Air Magic      | 1 2 |  2.5
Earth Magic    | 1 2 |  2.5
Poison Magic   | 1 2 |  2.5
Fighting       | 3 4 |  4.1
Maces & Flails | 3 4 |  4.1
Dodging        | 7 |  7.3
Stealth        | 7 |  7.3

Action                   |  1- 3 |  4- 6 |  7- 9 || total
-------------------------+-------+-------+-------++-------
Melee: Whip              |   178 |   146 |       ||   324
       Bite              |    20 |    16 |     7 ||    43
       Punch             |       |     1 |       ||     1
       Flail             |       |    26 |   121 ||   147
 Fire: Blowgun           |    10 |     2 |       ||    12
Throw: Stone             |     5 |    21 |       ||    26
       Tomahawk          |       |    15 |    24 ||    39
 Cast: Infusion          |       |     2 |       ||     2
       Call Imp          |       |       |     4 ||     4
       Regeneration      |       |       |     3 ||     3
       Tukima's Dance    |       |       |     3 ||     3
  Use: Scroll            |     3 |     6 |     5 ||    14
       Potion            |       |     3 |     1 ||     4
 Stab: Sleeping          |     4 |     6 |       ||    10
  Eat: Chunk             |     3 |     9 |    10 ||    22
       Ration            |     1 |     1 |       ||     2
Armor: Robe              |    64 |       |       ||    64
       Ring mail         |       |    26 |       ||    26
       Scale mail        |       |    29 |     8 ||    37
       Leather armour    |       |       |    37 ||    37
Dodge: Dodged            |   143 |   101 |   108 ||   352
Block: Buckler           |       |     5 |    44 ||    49
